3A
LOUISIANA DRAGOONS @ IDAHO FALLS CHUKARS
05/05/2034
 
TOP OF THE 1ST
Louisiana Dragoons batting - Pitching for Idaho Falls Chukars : RHP Jim Perry
Pitching: RHP Jim Perry
Batting: LHB Carlos Barrera 0-0: Ball
1-0: Ball
2-0: Ball
3-0: Called Strike
3-1: Foul Ball, location: 2F
3-2: Base on Balls
Batting: RHB Richello Oliva 0-0: Ball
1-0: Foul Ball, location: 2F
1-1: Grounds into double play, 4-6-3 (Groundball, 34)
Batting: SHB Francisco Enríquez 0-0: Ball
1-0: Foul Ball, location: 2F
1-1: Swinging Strike
1-2: Strikes out swinging
Top of the 1st over - 0 runs, 0 hits, 0 errors, 0 left on base; Louisiana 0 - Idaho Falls 0
BOTTOM OF THE 1ST
Idaho Falls Chukars batting - Pitching for Louisiana Dragoons : RHP Timoteo Sassetti
Pitching: RHP Timoteo Sassetti
Batting: SHB Alvin Peterson 0-0: Hit by Pitch
Batting: LHB Júlio Solís 0-0: Foul Ball, location: 2F
0-1: Fielders Choice at 2nd, 6-4 (Groundball, 6)
Batting: LHB Jing-quo Sung 0-0: Ball
Júlio Solís steals 2nd base
1-0: Ball
2-0: Ball
3-0: Called Strike
3-1: Foul Ball, location: 2F
3-2: Base on Balls
Batting: RHB Bellmay Blake 0-0: Called Strike
0-1: Ball
1-1: Fly out, F7 (Line Drive, 7D)
Batting: SHB Joel Washington 0-0: Foul Ball, location: 2F
0-1: Swinging Strike
0-2: Foul Ball, location: 2F
0-2: Strikes out swinging
Bottom of the 1st over - 0 runs, 0 hits, 0 errors, 2 left on base; Louisiana 0 - Idaho Falls 0
TOP OF THE 2ND
Louisiana Dragoons batting - Pitching for Idaho Falls Chukars : RHP Jim Perry
Batting: LHB Pancho González 0-0: Foul Ball, location: 2F
0-1: SINGLE (Line Drive, 34D)
Batting: LHB Javier Seco 0-0: Called Strike
0-1: Ball
1-1: Foul Ball, location: 2F
1-2: Ball
2-2: Ball
3-2: Strikes out looking
Batting: SHB Brian Carr 0-0: Ball
1-0: Swinging Strike
1-1: SINGLE (Groundball, 56D)
Pancho González to second
Batting: LHB Walt Trombly 0-0: Ball
1-0: Grounds into double play, 5-4-3 (Groundball, 56)
Top of the 2nd over - 0 runs, 2 hits, 0 errors, 1 left on base; Louisiana 0 - Idaho Falls 0
BOTTOM OF THE 2ND
Idaho Falls Chukars batting - Pitching for Louisiana Dragoons : RHP Timoteo Sassetti
Batting: RHB Frank Simon 0-0: Foul Ball, location: 2F
0-1: Ball
1-1: Fly out, F4 (Line Drive, 4M)
Batting: RHB Jung-heum Ho 0-0: Ball
1-0: Ground out 4-3 (Groundball, 4)
Batting: RHB Rick Johnson 0-0: Called Strike
0-1: Swinging Strike
0-2: Ball
1-2: Foul Ball, location: 2F
1-2: Strikes out swinging
Bottom of the 2nd over - 0 runs, 0 hits, 0 errors, 0 left on base; Louisiana 0 - Idaho Falls 0
TOP OF THE 3RD
Louisiana Dragoons batting - Pitching for Idaho Falls Chukars : RHP Jim Perry
Batting: RHB Denny Moore 0-0: Called Strike
0-1: Ball
1-1: Ball
2-1: Swinging Strike
2-2: Strikes out looking
Batting: RHB Toyoshige Ine 0-0: Called Strike
0-1: Foul Ball, location: 2F
0-2: Hit by Pitch
Batting: LHB Carlos Barrera 0-0: Ball
1-0: Swinging Strike
1-1: Fielders Choice at 2nd, 4-6 (Groundball, 4M)
Batting: RHB Richello Oliva 0-0: Foul Ball, location: 2F
0-1: Ball
1-1: Ball
2-1: Called Strike
2-2: Foul Ball, location: 2F
2-2: Ball
Carlos Barrera steals 2nd base
3-2: Ground out 5-3 (Groundball, 5S)
Top of the 3rd over - 0 runs, 0 hits, 0 errors, 1 left on base; Louisiana 0 - Idaho Falls 0
BOTTOM OF THE 3RD
Idaho Falls Chukars batting - Pitching for Louisiana Dragoons : RHP Timoteo Sassetti
Batting: RHB Ramón González 0-0: Called Strike
0-1: Called Strike
0-2: SINGLE (Groundball, 6MD)
Batting: SHB Alvin Peterson 0-0: Called Strike
0-1: Fielders Choice at 2nd, 4-6 (Groundball, 4)
Batting: LHB Júlio Solís 0-0: Fielders Choice at 2nd, 1-4 (Groundball, 15S)
Batting: LHB Jing-quo Sung 0-0: Swinging Strike
0-1: Ball
1-1: Called Strike
1-2: Ball
2-2: Strikes out swinging
Bottom of the 3rd over - 0 runs, 1 hit, 0 errors, 1 left on base; Louisiana 0 - Idaho Falls 0
TOP OF THE 4TH
Louisiana Dragoons batting - Pitching for Idaho Falls Chukars : RHP Jim Perry
Batting: SHB Francisco Enríquez 0-0: SINGLE (Groundball, 4MD)
Batting: LHB Pancho González 0-0: Foul Ball, location: 2F
0-1: Foul Ball, location: 2F
0-2: Ball
1-2: Foul Ball, location: 2F
1-2: Strikes out swinging
Batting: LHB Javier Seco 0-0: Ball
Francisco Enríquez is caught stealing 2nd base
1-0: Called Strike
1-1: Ball
2-1: SINGLE (Groundball, 6MD)
Batting: SHB Brian Carr 0-0: SINGLE (Groundball, 3D)
Javier Seco to second
Runner from 2nd tries for 3rd, SAFE, no throw
Batting: LHB Walt Trombly 0-0: Called Strike
0-1: Ball
1-1: Swinging Strike
1-2: Ball
2-2: Strikes out swinging
Top of the 4th over - 0 runs, 3 hits, 0 errors, 2 left on base; Louisiana 0 - Idaho Falls 0
BOTTOM OF THE 4TH
Idaho Falls Chukars batting - Pitching for Louisiana Dragoons : RHP Timoteo Sassetti
Batting: RHB Bellmay Blake 0-0: Ball
1-0: Ball
2-0: Ground out 6-3 (Groundball, 6)
Batting: SHB Joel Washington 0-0: Called Strike
0-1: Fly out, F7 (Flyball, 78S)
Batting: RHB Frank Simon 0-0: Ball
1-0: Ball
2-0: Swinging Strike
2-1: SINGLE (Flyball, 9S)
Batting: RHB Jung-heum Ho 0-0: Foul Ball, location: 2F
0-1: Ball
1-1: Called Strike
1-2: Foul Ball, location: 2F
1-2: Strikes out swinging
Bottom of the 4th over - 0 runs, 1 hit, 0 errors, 1 left on base; Louisiana 0 - Idaho Falls 0
TOP OF THE 5TH
Louisiana Dragoons batting - Pitching for Idaho Falls Chukars : RHP Jim Perry
Pitching: LHP Royce Ortíz
Batting: RHB Denny Moore 0-0: Swinging Strike
0-1: Ball
1-1: Ground out 4-3 (Groundball, 4)
Batting: RHB Toyoshige Ine 0-0: SINGLE (Flyball, 8RS)
Batting: LHB Carlos Barrera 0-0: Called Strike
0-1: Called Strike
0-2: Strikes out looking
Batting: RHB Richello Oliva 0-0: Ball
1-0: Ball
2-0: Swinging Strike
2-1: Called Strike
2-2: Foul Ball, location: 2F
2-2: Ball
3-2: Ground out U3 (Groundball, 3L)
Top of the 5th over - 0 runs, 1 hit, 0 errors, 1 left on base; Louisiana 0 - Idaho Falls 0
BOTTOM OF THE 5TH
Idaho Falls Chukars batting - Pitching for Louisiana Dragoons : RHP Timoteo Sassetti
Batting: RHB Rick Johnson 0-0: Called Strike
0-1: Foul Ball, location: 2F
0-2: Foul Ball, location: 2F
0-2: Foul Ball, location: 2F
0-2: Foul Ball, location: 2F
0-2: Strikes out swinging
Batting: RHB Ramón González 0-0: Fly out, F7 (Line Drive, 7)
Batting: SHB Alvin Peterson 0-0: SINGLE (Groundball, 4MD)
Batting: LHB Júlio Solís 0-0: Ball
1-0: Ball
2-0: Called Strike
2-1: SINGLE (Line Drive, 8LS)
Alvin Peterson to second
Batting: LHB Jing-quo Sung 0-0: SINGLE (Flyball, 7LS)
Alvin Peterson to third
Júlio Solís to second
Runner from 3rd tries for Home, SAFE, throw made home
Batting: RHB Bellmay Blake 0-0: Ball
1-0: Ball
2-0: Swinging Strike
2-1: Foul Ball, location: 2F
2-2: Ball
3-2: Strikes out swinging
Bottom of the 5th over - 1 run, 3 hits, 0 errors, 2 left on base; Louisiana 0 - Idaho Falls 1
TOP OF THE 6TH
Louisiana Dragoons batting - Pitching for Idaho Falls Chukars : RHP Patrick Furzer
Pitching: RHP Patrick Furzer
Batting: SHB Francisco Enríquez 0-0: Ball
1-0: Ball
2-0: Called Strike
2-1: Ball
3-1: Fly out, F7 (Flyball, 7)
Batting: LHB Pancho González 0-0: Ball
1-0: Called Strike
1-1: Swinging Strike
1-2: SOLO HOME RUN (Flyball, 7LD), Distance : 384 ft
Batting: LHB Javier Seco 0-0: Ball
1-0: SOLO HOME RUN (Flyball, 9LD), Distance : 372 ft
Pitching: RHP Ramón Aguilera
Batting: SHB Brian Carr 0-0: Ball
1-0: Ball
2-0: Called Strike
2-1: Foul Ball, location: 2F
2-2: Strikes out swinging
Batting: LHB Walt Trombly 0-0: Ball
1-0: Ball
2-0: Ground out 4-3 (Groundball, 4)
Top of the 6th over - 2 runs, 2 hits, 0 errors, 0 left on base; Louisiana 2 - Idaho Falls 1
BOTTOM OF THE 6TH
Idaho Falls Chukars batting - Pitching for Louisiana Dragoons : RHP Timoteo Sassetti
Batting: SHB Joel Washington 0-0: Called Strike
0-1: Ball
1-1: Ball
2-1: Called Strike
2-2: Foul Ball, location: 2F
2-2: DOUBLE (Flyball, 8RD)
Batting: RHB Frank Simon 0-0: Fly out, F7 (Flyball, 7)
Batting: RHB Jung-heum Ho 0-0: Called Strike
0-1: Ball
1-1: Called Strike
1-2: Ball
2-2: Ball
3-2: Base on Balls
Batting: RHB Rick Johnson 0-0: Ball
1-0: Called Strike
1-1: Foul Ball, location: 2F
1-2: Ball
2-2: Foul Ball, location: 2F
2-2: SINGLE (Line Drive, 34D)
Joel Washington to third
Jung-heum Ho to second
Runner from 3rd tries for Home, SAFE, no throw
Batting: RHB Ramón González 0-0: Foul Ball, location: 2F
0-1: Ball
1-1: Fly out, F8 (Flyball, 8RM)
Pitching: RHP Ed Kreuze
Batting: SHB Alvin Peterson 0-0: Called Strike
0-1: Ball
1-1: SINGLE (Flyball, 78S)
Jung-heum Ho to third
Rick Johnson to second
Runner from 3rd tries for Home, SAFE, no throw
Batting: LHB Júlio Solís 0-0: Ball
1-0: Foul Ball, location: 2F
1-1: Ball
2-1: Ball
3-1: Base on Balls
Rick Johnson to third
Alvin Peterson to second
Batting: LHB Jing-quo Sung 0-0: Ball
1-0: Ball
2-0: Ground out 5-3 (Groundball, 56)
Bottom of the 6th over - 2 runs, 3 hits, 0 errors, 3 left on base; Louisiana 2 - Idaho Falls 3
TOP OF THE 7TH
Louisiana Dragoons batting - Pitching for Idaho Falls Chukars : RHP Ramón Aguilera
Batting: RHB Denny Moore 0-0: Ball
1-0: Ball
2-0: Called Strike
2-1: Ground out 6-3 (Groundball, 6)
Batting: RHB Toyoshige Ine 0-0: Ball
1-0: Ball
2-0: Fly out, F8 (Flyball, 8LXD)
Batting: LHB Carlos Barrera 0-0: Ball
1-0: Called Strike
1-1: Ball
2-1: Foul Ball, location: 2F
2-2: Foul Ball, location: 2F
2-2: Strikes out looking
Top of the 7th over - 0 runs, 0 hits, 0 errors, 0 left on base; Louisiana 2 - Idaho Falls 3
BOTTOM OF THE 7TH
Idaho Falls Chukars batting - Pitching for Louisiana Dragoons : RHP Ed Kreuze
Batting: RHB Bellmay Blake 0-0: Foul Ball, location: 2F
0-1: Ball
1-1: Ball
2-1: Ball
3-1: Called Strike
3-2: Strikes out looking
Batting: SHB Joel Washington 0-0: Called Strike
0-1: SINGLE (Groundball, 5D)
Batting: RHB Frank Simon 0-0: Ball
1-0: Ball
2-0: Swinging Strike
2-1: Swinging Strike
2-2: Foul Ball, location: 2F
2-2: Foul Ball, location: 2F
2-2: Ball
3-2: Strikes out looking
Batting: RHB Jung-heum Ho 0-0: Ball
1-0: Called Strike
1-1: Ball
2-1: Foul Ball, location: 2F
2-2: Strikes out swinging
Bottom of the 7th over - 0 runs, 1 hit, 0 errors, 1 left on base; Louisiana 2 - Idaho Falls 3
TOP OF THE 8TH
Louisiana Dragoons batting - Pitching for Idaho Falls Chukars : RHP Ramón Aguilera
Now at C: Fabrice Gaudin
Now in LF: Toby Caunce
Batting: RHB Richello Oliva 0-0: Called Strike
0-1: Ball
1-1: Swinging Strike
1-2: SINGLE (Line Drive, 4M)
Pitching: LHP Albert Hernández
Batting: SHB Francisco Enríquez 0-0: Foul Ball, location: 2F
0-1: Foul Ball, location: 2F
0-2: Foul Ball, location: 2F
0-2: Ball
1-2: Strikes out swinging
Batting: LHB Pancho González 0-0: Called Strike
0-1: Swinging Strike
0-2: Strikes out swinging
Batting: LHB Javier Seco 0-0: Called Strike
0-1: Ball
1-1: Ground out 4-3 (Groundball, 4D)
Top of the 8th over - 0 runs, 1 hit, 0 errors, 1 left on base; Louisiana 2 - Idaho Falls 3
BOTTOM OF THE 8TH
Idaho Falls Chukars batting - Pitching for Louisiana Dragoons : RHP Ed Kreuze
Batting: RHB Rick Johnson 0-0: Fly out, F9 (Flyball, 9S)
Batting: RHB Ramón González 0-0: Ball
1-0: Fly out, F8 (Flyball, 8LM)
Batting: SHB Alvin Peterson 0-0: Ball
1-0: Called Strike
1-1: Ball
2-1: Ball
3-1: Base on Balls
Batting: LHB Júlio Solís 0-0: Called Strike
0-1: Ball
1-1: Called Strike
1-2: Strikes out swinging
Bottom of the 8th over - 0 runs, 0 hits, 0 errors, 1 left on base; Louisiana 2 - Idaho Falls 3
TOP OF THE 9TH
Louisiana Dragoons batting - Pitching for Idaho Falls Chukars : LHP Albert Hernández
Pitching: RHP Cliff Claven
Batting: SHB Brian Carr 0-0: Called Strike
0-1: Foul Ball, location: 2F
0-2: Strikes out swinging
Batting: LHB Walt Trombly 0-0: Ground out 6-3 (Groundball, 6)
Batting: RHB Denny Moore 0-0: Called Strike
0-1: Ball
1-1: Ball
2-1: Foul Ball, location: 2F
2-2: Ball
3-2: Base on Balls
Batting: RHB Toyoshige Ine 0-0: Ball
1-0: Ball
2-0: Called Strike
2-1: Ground out 6-3 (Groundball, 6S)
Top of the 9th over - 0 runs, 0 hits, 0 errors, 1 left on base; Louisiana 2 - Idaho Falls 3
Friday, March 29th, 2019 - OOTP Baseball 18.8 Build 76